 Dungeon Crawl Stone Soup version 0.15.2 (webtiles) character file.

699 vonhedlund the Ruinous (level 7, -1/52 HPs)
             Began as a White Draconian Conjurer on Dec 9, 2014.
             Killed by divine providence
             ... invoked by an orc priest
              (9 damage)
             ... on Level 5 of the Dungeon.
             The game lasted 00:44:26 (3547 turns).

vonhedlund the Ruinous (White Draconian Conjurer)   Turns: 3547, Time: 00:44:26

HP  -1/52        AC  7     Str 10      XL: 7   Next: 38%
MP  14/14        EV 13     Int 18      God:
Gold 287         SH  0     Dex 11      Spells:  3 memorised,  6 levels left

rFire  . . .     SeeInvis .     F - +0 trident (venom)
rCold  + . .     Clarity  .     (armour unavailable)
rNeg   . . .     rCorr    .     (no shield)
rPois  .         rRot     .     (helmet restricted)
rElec  .         Spirit   .     (no cloak)
SustAb .         Warding  .     (no gloves)
rMut   .         Stasis   .     I - +0 pair of boots (curse)
Gourm  .                        (no amulet)
MR     .....                    (no ring)
                                (no ring)

@: very slightly contaminated, hasted, very quick, not resistant to hostile
enchantments, unstealthy
A: breathe frost, unfitting armour, cold resistance 1, cold-blooded, AC +6
a: Breathe Frost


You were on level 5 of the Dungeon.
You were not hungry.

You visited 1 branch of the dungeon, and saw 6 of its levels.
You also visited: Sewer.

You collected 287 gold pieces.

Inventory:

Hand weapons
 g - a +0 dagger
 j - a +2 whip of venom
 F - a +0 trident of venom (weapon)
Missiles
 a - 40 poisoned needles
 i - 63 stones (quivered)
 B - 14 sling bullets
 G - 2 needles of slowing
 J - 8 needles of sleeping
Armour
 I - a cursed +0 pair of boots (worn)
Magical devices
 C - a wand of polymorph (19) {unknown}
Comestibles
 b - 2 bread rations
 f - a royal jelly
 m - 3 meat rations
 o - a beef jerky
 t - 4 fruits
 O - a chunk of jackal flesh
Scrolls
 d - 3 scrolls of remove curse {unknown}
 h - 3 scrolls of enchant weapon {unknown}
 n - a scroll of blinking {unknown}
 p - a scroll of amnesia {unknown}
 q - a scroll of recharging {unknown}
 u - a scroll of fog {unknown}
 v - 2 scrolls of identify {unknown}
 x - a scroll of magic mapping {unknown}
 y - a scroll of fear {unknown}
 z - a scroll of teleportation {unknown}
 D - a scroll of enchant armour {unknown}
 H - a scroll of random uselessness {unknown}
Jewellery
 E - an uncursed ring of wizardry
 K - an uncursed amulet of guardian spirit {unknown}
Potions
 e - a potion of magic
 k - a potion of curing {unknown}
 l - a potion of poison {unknown}
 r - a potion of might {unknown}
 s - a potion of mutation {unknown}
 w - 3 potions of haste
Books
 c - a book of Conjurations

   Spells                             Type                      Level
   *Magic Dart                        Conjuration                  1
   *Searing Ray                       Conjuration                  2
   *Dazzling Spray                    Conjuration/Hexes            3
   Fulminant Prism                    Conjuration/Hexes            4
   Iskenderun's Mystic Blast          Conjuration                  4
   Iskenderun's Battlesphere          Conjuration/Charms           5
Miscellaneous
 A - a sack of spiders {used: 1}


   Skills:
 + Level 1.5 Fighting
 + Level 1.1 Maces & Flails
 * Level 4.6 Dodging
 * Level 3.2 Stealth
 + Level 0.8 Unarmed Combat
 * Level 3.2 Spellcasting
 * Level 5.6 Conjurations
 * Level 1.5 Hexes


You had 6 spell levels left.
You knew the following spells:

 Your Spells              Type           Power        Failure   Level  Hunger
a - Magic Dart            Conj           ###.         1%          1    None
b - Searing Ray           Conj           ###...       2%          2    ##.....
c - Dazzling Spray        Conj/Hex       ###.....     14%         3    ###....


Dungeon Overview and Level Annotations

Branches:
Dungeon (6/15)
 Temple: D:4-7

Altars:
Dithmenos

Annotations:
D:5 Prince Ribbit


Innate Abilities, Weirdness & Mutations

You can breathe waves of freezing cold.
You can buffet flying creatures when you breathe cold.
Your icy white scales are hard (AC +6).
Your body does not fit into most forms of armour.
Your flesh is cold resistant.
Your cold-blooded metabolism reacts poorly to cold.


Message History

The kobold shouts!
An ogre zombie comes into view.
Things that are here:
a dagger; a kobold corpse; a bat corpse
Things that are here:
a dagger; a kobold corpse; a bat corpse The centaur shoots an arrow of dispersal.
The arrow of dispersal hits you.
* * * LOW HITPOINT WARNING * * *
You blink.
There is a stone staircase leading up here.
You climb upwards.
Level annotation: Prince Ribbit
There is a stone staircase leading down here.
Found 9 gold pieces.
An orc priest comes into view. It is wielding a flail.
The orc priest shouts!
The orc priest calls down the wrath of Beogh upon you.
Something smites you!
You die...

#o# ... ..#### ...... ....#
... #.#.# ...# ####.#.# #
...### # #.$.@..# . .....#
#.#.##...#
.##....#.##........###.
..............>........#
....)....####...#.######
#...#############...
..........s.....###########
#...###########.# #.......#
#...# #s###.#####.#


You could see an orc priest.

Vanquished Creatures
  Purgy (Sewer)
  An ogre (D:5)
  2 phantoms (D:4)
  A jelly (D:5)
  A hound (D:4)
  An orc wizard (D:3)
  An iguana (D:4)
  A worker ant (D:4)
  A big kobold zombie (D:5)
  A hound skeleton (D:4)
  5 adders
  A green rat (D:4)
  2 giant mites
  2 worms
  4 giant geckos
  6 orcs
  5 ball pythons
  6 giant cockroaches
  5 goblins
  5 hobgoblins
  A jackal (D:5)
  6 kobolds
  5 quokkas
  23 bats
  3 giant newts
  8 rats
98 creatures vanquished.

Notes
Turn   | Place    | Note
--------------------------------------------------------------
     0 | D:1      | vonhedlund, the Draconian Conjurer, began the quest for the Orb.
     0 | D:1      | Reached XP level 1. HP: 14/14 MP: 3/3
   361 | D:1      | Reached XP level 2. HP: 11/20 MP: 1/4
   777 | D:2      | Found a shadowy altar of Dithmenos.
   815 | D:2      | Reached XP level 3. HP: 24/26 MP: 4/6
  1395 | D:2      | Learned a level 2 spell: Searing Ray
  1399 | D:2      | Learned a level 3 spell: Dazzling Spray
  1515 | D:3      | Reached XP level 4. HP: 26/33 MP: 6/8
  1979 | D:4      | Found a glowing drain.
  1980 | D:4      | Reached XP level 5. HP: 39/39 MP: 5/9
  2029 | D:4      | Noticed a phantom
  2044 | Sewer    | Entered a sewer
  2080 | Sewer    | Noticed Purgy
  2104 | Sewer    | Killed Purgy
  2104 | Sewer    | Reached skill level 5 in Conjurations
  2104 | Sewer    | Reached skill level 1 in Hexes
  2104 | Sewer    | Reached XP level 6. HP: 20/46 MP: 2/11
  2280 | D:4      | Killed a phantom
  2620 | D:4      | Reached skill level 1 in Fighting
  2896 | D:4      | Your scales start taking on an icy white colour.
  2896 | D:4      | Gained mutation: Your flesh is cold resistant. [draconian maturity]
  2896 | D:4      | Reached XP level 7. HP: 52/52 MP: 14/14
  2942 | D:5      | Entered Level 5 of the Dungeon
  3039 | D:4      | Reached skill level 1 in Maces & Flails
  3287 | D:5      | Noticed Prince Ribbit
  3547 | D:5      | Killed from afar by an orc priest

Action                   |  1- 3 |  4- 6 |  7- 9 || total
-------------------------+-------+-------+-------++-------
Melee: Unarmed           |    29 |       |       ||    29
       Whip              |    50 |    89 |     5 ||   144
       Trident           |       |       |    47 ||    47
 Cast: Magic Dart        |    51 |    57 |     8 ||   116
       Dazzling Spray    |     1 |     1 |       ||     2
       Searing Ray       |       |     7 |     3 ||    10
Evoke: Sack of spiders   |       |       |     1 ||     1
  Use: Potion            |       |     1 |     2 ||     3
 Stab: Sleeping          |     1 |       |     4 ||     5
  Eat: Chunk             |     3 |     5 |     3 ||    11
